 Dungeon Crawl Stone Soup version 0.24.1 (console) character file.

Game seed: 3329724866549883433, levelgen mode: deterministic

457 Kagalorn the Cudgeler (level 7, 0/59 HPs)
             Began as a Gnoll Chaos Knight on Apr 1, 2020.
             Was a Plaything of Xom.
             Slain by an ogre
             ... wielding a +0 giant club
              (15 damage)
             ... on level 4 of the Dungeon.
             The game lasted 00:09:53 (2616 turns).

Kagalorn the Cudgeler (Gnoll Chaos Knight)          Turns: 2616, Time: 00:09:54

Health: 0/59       AC: 11    Str: 15    XL:     7   Next: 6%
Magic:  10/10      EV:  8    Int: 15    God:    Xom [....*.]
Gold:   148        SH:  0    Dex: 15    Spells: 10/10 levels left

rFire    . . .     SeeInvis .   a - +0 mace
rCold    . . .     Gourm    .   (no shield)
rNeg     . . .     Faith    .   p - +2 chain mail {MR+}
rPois    .         Spirit   .   (no helmet)
rElec    .         Reflect  .   (no cloak)
rCorr    .         Harm     .   (no gloves)
MR       +....                  (no boots)
Stlth    ..........             o - amulet of regeneration
HPRegen  0.59/turn              (no ring)
MPRegen  0.12/turn              (no ring)

@: lethally poisoned (0 -> -1), about to teleport
A: distributed training, fangs 1, strong nose
a: Renounce Religion


You were on level 4 of the Dungeon.
You worshipped Xom.
You were a beloved toy of Xom.
You were not hungry.

You visited 1 branch of the dungeon, and saw 4 of its levels.

You collected 148 gold pieces.

Inventory:

Hand Weapons
 a - a +0 mace (weapon)
 b - a +0 mace of chaos
 t - a +2 dagger of holy wrath
Missiles
 d - 178 stones
 e - 73 sling bullets
 h - 19 bolts
 m - 40 poisoned darts (quivered)
Armour
 p - a +2 chain mail of magic resistance (worn)
Jewellery
 o - an amulet of regeneration (around neck)
Wands
 u - a wand of iceblast (7)
Scrolls
 g - a scroll of fear {unknown}
 l - 2 scrolls of noise {unknown}
 n - 3 scrolls of teleportation
 v - a scroll of amnesia {unknown}
Potions
 f - 3 potions of curing {unknown}
 j - a potion of agility
 k - a potion of heal wounds
 q - a potion of lignification
 r - 2 potions of might
 s - 3 potions of invisibility
Comestibles
 c - 6 rations
 i - 2 chunks of flesh


   Skills:
 + Level 6.9 Fighting
 + Level 2.2 Short Blades
 + Level 2.2 Long Blades
 + Level 2.2 Axes
 + Level 6.9 Maces & Flails
 + Level 2.2 Polearms
 + Level 2.2 Staves
 + Level 2.2 Slings
 + Level 2.2 Bows
 + Level 2.2 Crossbows
 + Level 2.2 Throwing
 + Level 5.1 Armour
 + Level 3.4 Dodging
 + Level 2.2 Stealth
 + Level 2.2 Shields
 + Level 2.2 Unarmed Combat
 + Level 2.2 Spellcasting
 + Level 1.7 Conjurations
 + Level 1.7 Hexes
 + Level 1.7 Charms
 + Level 1.7 Summonings
 + Level 1.7 Necromancy
 + Level 1.7 Translocations
 + Level 1.7 Transmutations
 + Level 1.7 Fire Magic
 + Level 1.7 Ice Magic
 + Level 1.7 Air Magic
 + Level 1.7 Earth Magic
 + Level 1.7 Poison Magic
 + Level 2.4 Invocations
 + Level 2.2 Evocations


You had 10 spell levels left.
You didn't know any spells.
Your spell library was empty.

Dungeon Overview and Level Annotations

Branches:
Dungeon (4/15)
 Temple: D:4-7

Altars:
Elyvilon
Kikubaaqudgha

Annotations:
D:3 1 runed translucent door, kalagan's ghost, amateur GrEE


Innate Abilities, Weirdness & Mutations

Your experience applies equally to all skills.
You have very sharp teeth.
Your uncanny sense of smell can sniff out nearby items.


Message History

The ogre looks even sicker.
You are now a beloved toy of Xom.
Throwing (i - inventory. (/) - cycle)
m - 41 poisoned darts (quivered)
Press: ? - help, Shift-Dir - straight line, f/p - ogre
Aim: an ogre, wielding a +0 giant club (poisoned)
You throw a poisoned dart. The poisoned dart hits the ogre.
The ogre hits you with a +0 giant club!!
You closely miss the ogre.
You feel sick. The ogre hits you with a +0 giant club!
* * * LOW HITPOINT WARNING * * *
You feel sick.
An ogre comes into view. It is wielding a +0 giant spiked club.
You feel sick.
The ogre shouts!
You see here 3 poisoned darts.
As you read the scroll labeled YMA QEURUNOPP, it crumbles to dust.
You feel strangely unstable.
It was a scroll of teleportation.
The ogre hits you with a +0 giant club!
You die...
Xom is highly amused!

###.#.## ...
#......###..#
##...........#
#...[.....O..
#..#......#
#.#......###.
#..#........
#..#........
#.@#...##...
#..O..## .#
##.#### ###


You could see an ogre.

Vanquished Creatures
  A phantom (D:3)
  An ogre (D:3)
  3 vampire bats (D:3)
  An iguana (D:3)
  A worker ant (D:4)
  4 adders
  An ooze (D:4)
  3 worms
  2 dart slugs
  3 leopard geckos (D:3)
  8 orcs
  3 bat skeletons (D:3)
  2 bat zombies (D:3)
  9 giant cockroaches
  6 goblins
  11 hobgoblins
  3 jackals (D:1)
  A ball python (D:1)
  13 bats
  4 frilled lizards
  11 kobolds
  A quokka skeleton (D:4)
  6 rats
98 creatures vanquished.

Vanquished Creatures (collateral kills)
  A giant cockroach (D:3)
  A goblin (D:3)
2 creatures vanquished.

Vanquished Creatures (others)
  An orc (D:3)
1 creature vanquished.

Grand Total: 101 creatures vanquished

Notes
Turn   | Place    | Note
-------+----------+-------------------------------------------
     0 | D:1      | Kagalorn the Gnoll Chaos Knight began the quest for the
                  | Orb.
     0 | D:1      | Reached XP level 1. HP: 23/23 MP: 1/1
    84 | D:1      | Reached XP level 2. HP: 28/29 MP: 2/2
   214 | D:1      | XOM: divination: detect items
   224 | D:1      | Reached XP level 3. HP: 28/35 MP: 3/3
   479 | D:1      | XOM: enchant monster (bad)
   549 | D:1      | Reached skill level 1 in Invocations
   800 | D:2      | Found a white marble altar of Elyvilon.
   912 | D:2      | Reached skill level 1 in Short Blades
   912 | D:2      | Reached skill level 1 in Long Blades
   912 | D:2      | Reached skill level 1 in Axes
   912 | D:2      | Reached skill level 1 in Polearms
   912 | D:2      | Reached skill level 1 in Staves
   912 | D:2      | Reached skill level 1 in Slings
   912 | D:2      | Reached skill level 1 in Bows
   912 | D:2      | Reached skill level 1 in Crossbows
   912 | D:2      | Reached skill level 1 in Throwing
   912 | D:2      | Reached skill level 1 in Stealth
   912 | D:2      | Reached skill level 1 in Shields
   912 | D:2      | Reached skill level 1 in Unarmed Combat
   912 | D:2      | Reached skill level 1 in Spellcasting
   912 | D:2      | Reached skill level 1 in Evocations
   912 | D:2      | Reached XP level 4. HP: 39/41 MP: 5/5
  1512 | D:3      | Reached skill level 1 in Conjurations
  1512 | D:3      | Reached skill level 1 in Hexes
  1512 | D:3      | Reached skill level 1 in Charms
  1512 | D:3      | Reached skill level 1 in Summonings
  1512 | D:3      | Reached skill level 1 in Necromancy
  1512 | D:3      | Reached skill level 1 in Translocations
  1512 | D:3      | Reached skill level 1 in Transmutations
  1512 | D:3      | Reached skill level 1 in Fire Magic
  1512 | D:3      | Reached skill level 1 in Ice Magic
  1512 | D:3      | Reached skill level 1 in Air Magic
  1512 | D:3      | Reached skill level 1 in Earth Magic
  1512 | D:3      | Reached skill level 1 in Poison Magic
  1531 | D:3      | Found an ancient bone altar of Kikubaaqudgha.
  1563 | D:3      | Reached XP level 5. HP: 45/47 MP: 5/7
  1574 | D:3      | XOM: confuse monster(s)
  1833 | D:3      | Found a runed translucent door.
  1833 | D:3      | Noticed kalagan's ghost (amateur GrEE)
  1885 | D:3      | Reached XP level 6. HP: 49/53 MP: 8/8
  1912 | D:3      | XOM: polymorph worm -> iguana
  2048 | D:3      | Noticed a phantom
  2066 | D:3      | XOM: summons friendly ufetubus
  2089 | D:3      | Killed a phantom
  2089 | D:3      | Reached skill level 5 in Armour
  2152 | D:3      | XOM: 5-stop teleportation journey
  2220 | D:3      | XOM: stat loss: -1 Str (14/15)
  2471 | D:3      | XOM: mild Summ miscast
  2589 | D:4      | Reached XP level 7. HP: 57/59 MP: 10/10
  2592 | D:4      | XOM: 1-stop teleportation journey
  2616 | D:4      | Slain by an ogre

Levels and vault maps discovered:
D:1:      dpeg_arrival_morbid_curiosity, layout_rooms,
          chequers_serial_rivers_micro_c
D:2:      layout_loops_ring, elyvilon_altar_5
D:3:      layout_loops_ring, kennysheep_vampire_church,
          ebering_ghost_reflecting_pool, minmay_increasing_density
D:4:      layout_cave_pools, trog_eyes_of_draining,
          nicolae_overflow_hidden_temple, minmay_temple_entry_glassed_door,
          first_ration

Skill      XL: |  1  2  3  4  5  6 |
---------------+-------------------+-----
Invocations    | 1 2 |  2.4
Short Blades   | 1 2 |  2.2
Long Blades    | 1 2 |  2.2
Axes           | 1 2 |  2.2
Polearms       | 1 2 |  2.2
Staves         | 1 2 |  2.2
Slings         | 1 2 |  2.2
Bows           | 1 2 |  2.2
Crossbows      | 1 2 |  2.2
Throwing       | 1 2 |  2.2
Stealth        | 1 2 |  2.2
Shields        | 1 2 |  2.2
Unarmed Combat | 1 2 |  2.2
Spellcasting   | 1 2 |  2.2
Evocations     | 1 2 |  2.2
Conjurations   | 1 |  1.7
Hexes          | 1 |  1.7
Charms         | 1 |  1.7
Summonings     | 1 |  1.7
Necromancy     | 1 |  1.7
Translocations | 1 |  1.7
Transmutations | 1 |  1.7
Fire Magic     | 1 |  1.7
Ice Magic      | 1 |  1.7
Air Magic      | 1 |  1.7
Earth Magic    | 1 |  1.7
Poison Magic   | 1 |  1.7
Dodging        | 3 |  3.4
Armour         | 5 |  5.1
Fighting       | |  6.9
Maces & Flails | |  6.9

Action                   |  1- 3 |  4- 6 |  7- 9 || total
-------------------------+-------+-------+-------++-------
Melee: Mace              |   115 |   185 |     6 ||   306
       Bite              |    19 |    22 |       ||    41
       Punch             |       |     2 |       ||     2
Throw: Dart              |     4 |    17 |     6 ||    27
  Use: Scroll            |       |     7 |     1 ||     8
 Stab: Petrified         |       |     2 |       ||     2
       Confused          |       |     2 |       ||     2
       Sleeping          |       |     3 |       ||     3
  Eat: Chunk             |       |     6 |       ||     6
Armor: Leather armour    |    37 |    78 |       ||   115
       Chain mail        |       |    24 |     3 ||    27
Dodge: Dodged            |    85 |   126 |     2 ||   213
